 Dungeon Crawl Stone Soup version 0.20.1-1-g8b1a95d (webtiles) character file.

3875 vomix the Severer (level 10, -5/77 HPs)
             Began as a Minotaur Berserker on Aug 14, 2017.
             Was an Elder of Trog.
             Slain by a death yak (18 damage)
             ... on level 7 of the Dungeon.
             The game lasted 00:13:47 (5967 turns).

vomix the Severer (Minotaur Berserker)              Turns: 5967, Time: 00:13:47

Health: -5/77      AC: 15    Str: 21    XL:     10   Next: 0%
Magic:  9/9        EV:  7    Int:  4    God:    Trog [****..]
Gold:   393        SH:  0    Dex: 14    Spells: 9/9 levels left

rFire    . . .     SeeInvis .   x - +2 battleaxe
rCold    . . .     Gourm    .   (shield currently unavailable)
rNeg     . . .     Faith    .   w - +0 plate armour (curse)
rPois    .         Spirit   .   (helmet restricted)
rElec    .         Reflect  .   I - +0 cloak
rCorr    .         Harm     .   (no gloves)
MR       .....                  (no boots)
Stlth    ..........             (no amulet)
Regen    0.3/turn               d - +3 ring of slaying
MPRegen  0.2/turn               u - +3 ring of protection

@: berserk cooldown, slowed, very slow
A: retaliatory headbutt, horns 2
a: Berserk, Trog's Hand, Brothers in Arms, Burn Spellbooks, Renounce Religion


You were on level 7 of the Dungeon.
You worshipped Trog.
Trog was greatly pleased with you.
You were very hungry.

You visited 2 branches of the dungeon, and saw 9 of its levels.
You also visited: Sewer.

You collected 393 gold pieces.

Inventory:

Hand Weapons
 x - a +2 battleaxe (weapon)
Missiles
 A - 3 exploding tomahawks (quivered)
Armour
 w - a cursed +0 plate armour (worn)
 I - a +0 cloak (worn)
Jewellery
 d - a +3 ring of slaying (left hand)
 o - an uncursed ring of ice
 u - a +3 ring of protection (right hand)
Wands
 a - a wand of polymorph (3/24)
 y - a wand of random effects (13/48)
 F - a wand of lightning (9/15)
 L - a wand of acid (8/15)
Scrolls
 b - 2 scrolls of enchant armour {unknown}
 f - 3 scrolls of identify {unknown}
 h - 3 scrolls of fear {unknown}
 j - a scroll of noise {unknown}
 k - 2 scrolls of enchant weapon {unknown}
 n - 5 scrolls of recharging {unknown}
 p - 5 scrolls of amnesia {unknown}
 q - 2 scrolls of magic mapping {unknown}
 r - 8 scrolls of remove curse {unknown}
 t - 2 scrolls of teleportation {unknown}
 v - a scroll of random uselessness {unknown}
 z - a scroll of immolation {unknown}
 E - a scroll of fog {unknown}
 J - a scroll of blinking {unknown}
Potions
 e - 4 potions of heal wounds {unknown}
 g - a potion of berserk rage {unknown}
 i - 2 potions of degeneration {unknown}
 B - 3 potions of curing
 C - 2 potions of flight {unknown}
 G - a potion of might {unknown}
 H - a potion of mutation {unknown}
Comestibles
 c - 12 bread rations
 l - 2 royal jellies
 m - 4 fruits
 s - 5 meat rations
 D - 5 chunks of flesh


   Skills:
 - Level 3.6 Fighting
 + Level 16.3 Axes
 - Level 2.4 Armour
 - Level 2.1 Dodging


You had 9 spell levels left.
You didn't know any spells.

Dungeon Overview and Level Annotations

Branches:
Dungeon (8/15)             Temple (1/1) D:4            Lair (0/6) D:8

Altars:
Ashenzari
Cheibriados
Dithmenos
Fedhas
Gozag
Kikubaaqudgha
Makhleb
Nemelex Xobeh
Okawaru
Ru
Sif Muna
Trog
Uskayaw
Vehumet
Xom
Yredelemnul
Zin
The Shining One

Shops:
D:4 [

Annotations:
D:7 1 runed door


Innate Abilities, Weirdness & Mutations

You reflexively headbutt those who attack you in melee.
You have a pair of horns on your head.


Message History

The death yak gores you but does no damage.
You feel the effects of Trog's Hand fading.
The death yak gores you!
* * * LOW HITPOINT WARNING * * *
There is a stone staircase leading up here.
The death yak gores you!
* * * LOW HITPOINT WARNING * * *
The death yak gores you but does no damage.
The death yak gores you.
* * * LOW HITPOINT WARNING * * *
You climb upwards.
Level annotation: 1 runed door Your skin stops crawling.
You feel less resistant to hostile enchantments.
There is a stone staircase leading down here.
It was a potion of curing.
You feel better. The death yak gores you!
* * * LOW HITPOINT WARNING * * *
The death yak gores you but does no damage.
The death yak gores you!!
You die...

#.##.####.# #...#.)..# #.###
#.##......# ###...#### #.)..
#.##.###### ##.## #.###
#.##.######### #.# #.#
###.##....)).(.# #.# #.#
...#...#######.######.#######)#
(.###.........................#
.#.#.######.."...############.#
.##.## #.#+#.@# ##.### .####
#.#3#YY# #.#^.. .########
#.###^.# ##.### ........#
#......# ### #######.# ###..#.#
#.# #..#.# #######.#####..#.#
######### ...........##..#^#
#........ .######.##.##..#.#
#.######)


You could see 2 death yaks and a sixfirhy.

Vanquished Creatures
  2 death yaks (D:8)
  A hornet (D:7)
  Sigmund (D:6)
  The ghost of Greyaxe the Shield-Bearer, an amateur MiFi (D:3)
  Duvessa (D:7)
  An ice beast (D:6)
  A sky beast (D:6)
  2 orc warriors
  2 ogres
  A phantom (D:6)
  A centaur (D:7)
  A big kobold (Sewer)
  Dowan (D:7)
  A wyvern skeleton (D:6)
  4 scorpions
  5 wights (D:8)
  2 crimson imps
  A bullfrog zombie (D:6)
  2 centaur skeletons
  2 orc priests
  2 hounds
  5 orc wizards
  Terence (D:2)
  2 worker ants
  A hound zombie (D:6)
  A worker ant zombie (D:6)
  4 gnolls (D:6)
  10 adders
  A shadow imp (D:6)
  An adder skeleton (D:5)
  3 worms (D:3)
  2 dart slugs
  4 leopard geckos
  21 orcs
  7 giant cockroaches
  5 goblins
  4 hobgoblins
  9 jackals
  9 kobolds
  3 quokkas
  A ball python (D:1)
  4 bats
  2 frilled lizards
  A quokka skeleton (D:4)
  12 rats
148 creatures vanquished.

Notes
Turn   | Place    | Note
-------+----------+-------------------------------------------
     0 | D:1      | vomix the Minotaur Berserker began the quest for the Orb.
     0 | D:1      | Reached XP level 1. HP: 19/19 MP: 0/0
   140 | D:1      | Reached skill level 4 in Axes
   205 | D:1      | Reached XP level 2. HP: 26/26 MP: 1/1
   809 | D:1      | Reached skill level 5 in Axes
  1046 | D:2      | Reached XP level 3. HP: 31/31 MP: 2/2
  1171 | D:2      | Noticed Terence
  1175 | D:2      | Killed Terence
  1221 | D:2      | Reached XP level 4. HP: 38/39 MP: 3/3
  1251 | D:2      | Reached skill level 6 in Axes
  1426 | D:2      | Reached ** piety under Trog
  1522 | D:3      | Noticed Greyaxe's ghost (amateur MiFi)
  1537 | D:3      | Killed Greyaxe's ghost
  1537 | D:3      | Reached skill level 7 in Axes
  1537 | D:3      | Reached XP level 5. HP: 30/45 MP: 4/4
  1540 | D:3      | Reached skill level 8 in Axes
  1735 | D:3      | Reached XP level 6. HP: 38/51 MP: 5/5
  1915 | D:3      | Found a faded altar of an unknown god.
  2359 | D:4      | Found Hesobb's Armour Shoppe.
  2372 | D:4      | Found a staircase to the Ecumenical Temple.
  2395 | Temple   | Entered the Ecumenical Temple
  2758 | D:4      | Found an iron altar of Okawaru.
  2985 | D:5      | Entered Level 5 of the Dungeon
  2989 | D:5      | Reached skill level 9 in Axes
  3331 | D:5      | Reached XP level 7. HP: 57/57 MP: 6/6
  3484 | D:5      | Reached skill level 10 in Axes
  3570 | D:6      | Noticed Sigmund
  3577 | D:6      | Found a shadowy altar of Dithmenos.
  3595 | D:6      | Killed Sigmund
  3880 | D:6      | Reached skill level 11 in Axes
  3954 | D:6      | Reached XP level 8. HP: 48/64 MP: 7/7
  4066 | D:6      | Found a glowing drain.
  4083 | Sewer    | Entered a sewer
  4150 | Sewer    | Reached *** piety under Trog
  4169 | Sewer    | Found a white marble altar of Elyvilon.
  4217 | D:6      | Reached skill level 12 in Axes
  4934 | D:6      | Reached skill level 13 in Axes
  5247 | D:7      | Noticed a hornet
  5252 | D:7      | Paralysed by a hornet for 1 turns
  5255 | D:7      | Killed a hornet
  5310 | D:7      | Found a runed door.
  5312 | D:7      | Noticed a sixfirhy
  5342 | D:7      | Reached XP level 9. HP: 70/70 MP: 8/8
  5359 | D:7      | Reached skill level 14 in Axes
  5554 | D:7      | Noticed Duvessa
  5554 | D:7      | Noticed Dowan
  5558 | D:7      | Killed Duvessa
  5568 | D:7      | Killed Dowan
  5797 | D:8      | Reached **** piety under Trog
  5920 | D:8      | Noticed a death yak
  5921 | D:8      | Noticed a death yak
  5922 | D:8      | Found a staircase to the Lair.
  5923 | D:8      | Noticed a death yak
  5923 | D:8      | Noticed a death yak
  5935 | D:8      | Noticed a death yak
  5940 | D:8      | Killed a death yak
  5940 | D:8      | Reached skill level 15 in Axes
  5944 | D:8      | Killed a death yak
  5944 | D:8      | Reached skill level 16 in Axes
  5944 | D:8      | Reached XP level 10. HP: 23/77 MP: 9/9
  5967 | D:7      | Slain by a death yak

Skill      XL: |  1  2  3  4  5  6  7  8  9 |
---------------+----------------------------+-----
Axes           | 4 5 7 8 9 11 13 16 | 16.3
Fighting       | |  3.6
Armour         | |  2.4
Dodging        | |  2.1

Action                   |  1- 3 |  4- 6 |  7- 9 | 10-12 || total
-------------------------+-------+-------+-------+-------++-------
Melee: Hand axe          |    63 |   115 |       |       ||   178
       Headbutt          |     6 |    17 |    31 |       ||    54
       War axe           |       |       |   179 |       ||   179
       Unarmed           |       |       |     2 |       ||     2
       Battleaxe         |       |       |    21 |       ||    21
Invok: Berserk           |     1 |     2 |     7 |       ||    10
       Trog's Hand       |       |     1 |     4 |       ||     5
       Burn Spellbooks   |       |     1 |     1 |       ||     2
  Use: Potion            |       |       |       |     1 ||     1
 Stab: Sleeping          |     1 |       |       |       ||     1
  Eat: Chunk             |     2 |     7 |    17 |       ||    26
Armor: Animal skin       |    10 |       |       |       ||    10
       Ring mail         |     7 |       |       |       ||     7
       Scale mail        |     2 |    16 |       |       ||    18
       Plate armour      |       |    23 |    95 |     5 ||   123
Dodge: Dodged            |    39 |    41 |    42 |     1 ||   123
